 Dungeon Crawl Stone Soup version 0.27.1-34-g3ba077fa99 (webtiles) character file.

Game seed: 10088031128898090291

36 Gabide the Poker (level 3, -1/29 HPs)
             Began as a Human Monk on Jan 7, 2022.
             Slain by a goblin (5 damage)
             ... led by Robin
             ... on level 2 of the Dungeon.
             The game lasted 00:01:41 (1570 turns).

Gabide the Poker (Human Monk)                       Turns: 1570, Time: 00:01:41

Health: -1/29      AC:  2    Str: 11    XL:     3   Next: 57%
Magic:  3/3        EV: 13    Int: 10    God:
Gold:   59         SH:  0    Dex: 16    Spells: 2/2 levels left

rFire    . . .     SeeInvis .   a - +0 spear
rCold    . . .     Faith    .   (no shield)
rNeg     . . .     Spirit   .   b - +0 robe
rPois    .         Reflect  .   (no helmet)
rElec    .         Harm     .   (no cloak)
rCorr    .         Rampage  .   (no gloves)
Will     .....                  (no boots)
Stlth    ++........             (no amulet)
HPRegen  0.09/turn              (no ring)
MPRegen  0.08/turn              (no ring)

@: no status effects
A: no striking features
a: no special abilities


You were on level 2 of the Dungeon.
You visited 1 branch of the dungeon, and saw 2 of its levels.

You collected 59 gold pieces.

Inventory:

Hand Weapons
 a - a +0 spear (weapon)
Armour
 b - a +0 robe (worn)
Potions
 e - a potion of attraction


   Skills:
 * Level 3.3 Fighting
 * Level 3.6 Polearms
 * Level 3.4 Dodging
 + Level 2.2 Stealth


You had 2 spell levels left.
You didn't know any spells.
Your spell library contained the following spells:

 Spells                   Type           Power      Damage    Failure   Level
 Static Discharge         Conj/Air       0%         N/A       50%         2
 Ignite Poison            Fire/Tmut/Pois 0%         N/A       75%         3
 Conjure Ball Lightning   Conj/Air       0%         3x3d6     100%        6
 Discord                  Hex            0%         N/A       100%        8
 Disjunction              Tloc           0%         N/A       100%        8


Dungeon Overview and Level Annotations

Branches:
Dungeon (2/15)

Altars:

Annotations:
D:2 Robin


Message History

The goblin is heavily wounded.
The goblin closely misses you. Robin throws the goblin at you!
You hit the goblin but do no damage.
The goblin is heavily wounded.
The goblin hits you with a +0 club. The goblin barely misses you.
You closely miss the goblin. The goblin hits you with a +0 club.
* * * LOW HITPOINT WARNING * * *
The goblin closely misses you.
You hit the goblin but do no damage.
The goblin no longer looks unusually strong.
The goblin hits you but does no damage. The goblin barely misses you.
You feel better.
Robin roars a battlecry!
The goblin goes into a battle-frenzy!
The goblin barely misses you. The goblin hits you but does no damage.
You hit the goblin but do no damage. The goblin hits you with a +0 club.
You barely miss the goblin. The goblin misses you.
The goblin completely misses you.
You barely miss the goblin. The goblin misses you.
The goblin hits you but does no damage.
You hit the goblin.
You kill the goblin!
The goblin misses you. Robin throws the goblin at you!
Items here: ( )))) ††.
You hit the goblin but do no damage. The goblin hits you with a +0 club.
The goblin hits you but does no damage.
You barely miss the goblin.
The hobgoblin no longer looks unusually strong.
The goblin barely misses you.
You barely miss the goblin. The goblin hits you with a +0 club.
The goblin misses you.
You barely miss the goblin. The goblin hits you with a +0 club.
* * * LOW HITPOINT WARNING * * *
The goblin hits you with a +0 club.
* * * LOW HITPOINT WARNING * * *
You hit the goblin.
You kill the goblin!
The goblin hits you with a +0 club.
You die...

##.........#.#
.........##..##
###++###.##..########
P.....#.##..........
...P..gg###.########
......#g# #.#
..?...#g# #.# ..PP.
#g# #.# ..... #@# #.#
########)###.#
.............#
......#.######
##.##.#.####
#.......# #.......#
#...†...#####
#............


You could see Robin, 3 hobgoblins and a goblin (strong).

Vanquished Creatures
  A dart slug (D:1)
  4 endoplasms (D:1)
  7 goblins
  6 hobgoblins
  A quokka (D:1)
  3 ball pythons (D:1)
  3 bats
  A frilled lizard (D:1)
  2 kobolds (D:1)
  3 rats (D:1)
31 creatures vanquished.

Notes
Turn   | Place    | Note
-------+----------+-------------------------------------------
     0 | D:1      | Gabide the Human Monk began the quest for the Orb.
     0 | D:1      | Reached XP level 1. HP: 18/18 MP: 1/1
   199 | D:1      | Reached XP level 2. HP: 14/24 MP: 2/2
   392 | D:1      | Got the Almanac of Virous Weightlessness
   829 | D:1      | Reached XP level 3. HP: 21/29 MP: 3/3
  1498 | D:2      | Noticed Robin
  1570 | D:2      | Slain by a goblin

Illustrated notes

Levels and vault maps discovered:
D:1:      onia_arrival_handbag, layout_loops_corners, minmay_misc_feat_rugged,
          minmay_split_cup_small
D:2:      cheibrodos_old_hovel, layout_loops_ring, basic_altar,
          chequers_serial_rivers_small_b, serial_bayou_lagoon_a,
          minmay_misc_feat_four_crosses, kennysheep_pointless_box,
          kennysheep_generic_room_12, uniq_robin

Action                   || total
-------------------------++-------
Melee: Spear             ||   141
  Use: Scroll            ||     2
       Potion            ||     2
 Stab: Sleeping          ||     7
Armor: Robe              ||    30
Dodge: Dodged            ||    93
